Diablos vs Monarchs
Created - March 8, 2020 at 21:16
Goals
|
| Diablos |
2 |
4 |
1 |
7 |
| Monarchs |
0 |
1 |
4 |
5 |
|
Shots
|
| Diablos |
12 |
13 |
7 |
32 |
| Monarchs |
12 |
8 |
12 |
32 |
|
1st period
1. Diablos , Jiri Sekac 11 (Adrian Kempe 24, Tyler Pitlick 15) at 3:11
2. Diablos , Charles Hudon 1 (Corey Trivino 17, Philip Larsen 23) at 4:54
Penalties :
Peter Holland (Don) for Tripping (Minor) at 7:31, Jack Glover (Don) for Holding (Minor) at 12:49
2nd period
3. Diablos , Ty Rattie 8 (Corey Trivino 18, Charles Hudon 2) at 13:44
4. Diablos , Lars Eller 22 (Brian Dumoulin 28, Alex Petrovic 14) at 13:58
5. Diablos , Peter Holland 6 (Cameron Gaunce 20) at 17:51
6. Monarchs , Tom Wilson 30 (Sean Monahan 32) at 19:30
7. Diablos , Nick Spaling 40 (Lars Eller 32) at 19:38
Penalties :
Mark Pysyk (MAN) for Tripping (Minor) at 2:51, Curtis Lazar (MAN) for Hooking (Minor) at 9:19
3rd period
8. Diablos , Adrian Kempe 12 (Andrei Mironov 11, Tyler Pitlick 16) at 3:06
9. Monarchs , Anthony Mantha 15 (Nathan MacKinnon 14, Tim Schaller 42) at 6:35
10. Monarchs , Nathan MacKinnon 9 (Tim Schaller 43, Anthony Mantha 15) at 6:51
11. Monarchs , Tom Wilson 31 (Sean Monahan 33, Roman Josi 11) at 11:39
12. Monarchs , JT Compher 14 (Tom Wilson 21, Sean Monahan 34) at 18:28
Penalties :
Jordan Szwarz (Don) for Holding (Minor) at 6:54
Goalie Stats
Kristers Gudlevskis (Don), 27 saves from 32 shots - (0.844), W, 20-19-4, 60:00 minutes
Eric Comrie (MAN), 13 saves from 16 shots - (0.813), L, 21-14-1, 26:02 minutes
Jason Missiaen (MAN), 12 saves from 16 shots - (0.750), 33:58 minutes
Players Stats for Diablos
Player Name G A P +/- PIM S H SB GA TA FO MP PP MP PK MP
------------------------------------------------------------------------------------
Adrian Kempe 1 1 2 2 0 4 1 0 1 0 3/6 12:11 0:00 0:00
Alex Petrovic 0 1 1 -1 0 1 3 1 0 1 0/0 21:58 2:10 2:36
Andrei Mironov 0 1 1 3 0 1 1 0 0 2 0/0 15:13 1:48 1:24
Brian Dumoulin 0 1 1 0 0 2 2 0 0 1 0/0 23:43 2:10 3:48
Cameron Gaunce 0 1 1 0 0 2 1 2 0 0 0/0 27:33 1:48 0:00
Charles Hudon 1 1 2 1 0 1 0 0 0 1 0/0 8:01 0:00 0:00
Corey Trivino 0 2 2 1 0 1 1 0 1 1 3/6 11:17 0:00 3:11
Danton Heinen 0 0 0 0 0 0 1 0 1 0 0/1 14:12 2:09 0:00
David Pastrnak 0 0 0 0 0 2 0 0 1 0 0/0 14:54 2:09 0:00
Jack Glover 0 0 0 2 2 1 0 2 0 0 0/0 4:37 0:00 1:14
Jiri Sekac 1 0 1 2 0 2 4 1 0 0 0/0 13:52 0:00 1:07
Jordan Szwarz 0 0 0 -1 2 3 3 1 1 0 0/2 19:38 1:49 0:00
Lars Eller 1 1 2 -1 0 4 2 1 0 1 15/34 21:44 2:09 2:13
Nick Spaling 1 0 1 -1 0 4 2 1 2 1 1/1 22:05 1:49 3:07
Peter Holland 1 0 1 1 2 2 3 1 0 0 5/16 15:41 1:49 0:44
Philip Larsen 0 1 1 -1 0 0 1 1 0 1 0/0 24:53 0:00 2:52
Ty Rattie 1 0 1 1 0 1 1 0 0 0 0/0 8:01 0:00 0:00
Tyler Pitlick 0 2 2 2 0 1 1 0 1 1 0/0 14:27 0:00 1:32
Players Stats for Monarchs
Player Name G A P +/- PIM S H SB GA TA FO MP PP MP PK MP
------------------------------------------------------------------------------------
Aaron Ekblad 0 0 0 -2 0 1 1 4 0 0 0/0 21:58 3:04 1:12
Anthony Mantha 1 1 2 -1 0 2 0 0 1 0 1/1 20:27 3:10 1:01
Brendan Lemieux 0 0 0 -1 0 1 4 0 2 2 0/1 14:47 2:57 0:00
Cedric Paquette 0 0 0 -1 0 0 2 0 0 0 2/5 8:02 0:00 0:50
Curtis Lazar 0 0 0 -1 2 0 2 0 0 0 7/9 13:06 0:00 0:00
Griffin Reinhart 0 0 0 0 0 2 1 2 0 1 0/0 15:45 2:53 0:14
Jimmy Hayes 0 0 0 -1 0 2 1 0 1 0 2/3 15:45 0:13 2:21
John Draeger 0 0 0 0 0 0 0 1 0 0 0/0 8:00 0:00 2:46
JT Compher 1 0 1 1 0 1 0 0 0 1 0/2 16:07 2:47 0:00
Mark Pysyk 0 0 0 -2 2 2 1 1 0 0 0/0 19:12 0:00 1:20
Martin Frk 0 0 0 -1 0 0 0 0 1 0 0/0 7:30 0:00 0:00
Morgan Rielly 0 0 0 0 0 1 2 1 0 0 0/0 17:47 2:53 0:00
Nathan MacKinnon 1 1 2 -1 0 8 4 0 1 0 19/30 19:14 3:10 0:00
Nicolas Deslauriers 0 0 0 -1 0 1 0 0 0 0 0/0 10:03 0:00 2:22
Roman Josi 0 1 1 0 0 0 0 0 0 0 0/0 6:15 0:00 1:12
Sean Monahan 0 3 3 1 0 4 0 0 1 2 6/13 16:07 2:47 0:00
Tim Schaller 0 2 2 -1 0 2 3 0 3 0 2/2 18:26 0:00 1:22
Tom Wilson 2 1 3 1 0 3 3 0 0 1 0/0 16:17 2:47 0:00
Tony DeAngelo 0 0 0 0 0 1 0 0 0 1 0/0 15:19 3:04 0:00
Zach Trotman 0 0 0 0 0 1 3 2 0 0 0/0 15:53 0:00 1:12
3 Stars
1 - Tom Wilson (MAN)
2 - Adrian Kempe (Don)
3 - Jiri Sekac (Don)
Power Play
Diablos - 0 on 2 Attempt(s) - 0.00%
Monarchs - 0 on 3 Attempt(s) - 0.00%
Penalty Kill
Diablos - 3 on 3 Attempt(s) - 100.00%
- Score 0 goal in Penalty Kill
Monarchs - 2 on 2 Attempt(s) - 100.00%
- Score 0 goal in Penalty Kill
Team Stat
Diablos - Hits : 27 - Faceoff Wins : 27 - Blocked Shots : 11 - Penalty Minutes : 6
Monarchs - Hits : 27 - Faceoff Wins : 39 - Blocked Shots : 11 - Penalty Minutes : 4
Official
Referees : Unknown
Linesman : Unknown
Game Notes
Jack Glover is injured at 18:33 of 1st period (Bruised Left Arm)
1:39 of 2nd period - Monarchs goal is going for a video replay. After video review, No Goal. The referee deems the play has been stopped, even if he had not physically had the opportunity to stop play by blowing his whistle.
Eric Comrie enters game at 13:58 of 2nd period
Cedric Paquette is injured at 13:00 of 3rd period (Sore Left Knee)
Finance
Level 1 -- Attendance: 2000 (100.00%) -- Ticket Income $50,000
Level 2 -- Attendance: 961 (96.10%) -- Ticket Income $9,610
Total Attendance: 2961 (98.70%)
Total Ticket Income: $59,610
Other Income: $2,980
Total Income: $62,590
Diablos
5 vs 5 Forward
Center Left Wing Right Wing Time % Phy DF OF
1 Lars Eller Nick Spaling Jordan Szwarz 40 0 1 4
2 Peter Holland Danton Heinen David Pastrnak 30 0 1 4
3 Adrian Kempe Jiri Sekac Tyler Pitlick 20 0 2 3
4 Corey Trivino Charles Hudon Ty Rattie 10 0 3 2
5 vs 5 Defense
Defense Defense Time % Phy DF OF
1 Cameron Gaunce Philip Larsen 40 0 2 3
2 Brian Dumoulin Alex Petrovic 30 0 2 3
3 Andrei Mironov Jack Glover 20 0 3 2
4 Cameron Gaunce Philip Larsen 10 0 2 3
PowerPlay Forward
Center Left Wing Right Wing Time % Phy DF OF
1 Lars Eller Danton Heinen David Pastrnak 60 0 0 5
2 Peter Holland Nick Spaling Jordan Szwarz 40 0 0 5
PowerPlay Defense
Defense Defense Time % Phy DF OF
1 Brian Dumoulin Alex Petrovic 60 0 1 4
2 Andrei Mironov Cameron Gaunce 40 0 1 4
Penalty Kill 4 Players Forward
Center Wing Time % Phy DF OF
1 Corey Trivino Nick Spaling 60 1 4 0
2 Lars Eller Tyler Pitlick 40 1 4 0
Penalty Kill 4 Players Defense
Defense Defense Time % Phy DF OF
1 Brian Dumoulin Jack Glover 60 1 4 0
2 Philip Larsen Alex Petrovic 40 1 4 0
Penalty Kill - 3 Players Forward
Forward Time % Phy DF OF
1 Corey Trivino 60 0 5 0
2 Lars Eller 40 0 5 0
Penalty Kill - 3 Players Defense
Defense Defense Time % Phy DF OF
1 Philip Larsen Jack Glover 60 0 5 0
2 Alex Petrovic Andrei Mironov 40 0 5 0
4 vs 4 Forward
Center Wing Time % Phy DF OF
1 Lars Eller Nick Spaling 60 0 2 3
2 Adrian Kempe David Pastrnak 40 0 2 3
4 vs 4 Defense
Defense Defense Time % Phy DF OF
1 Cameron Gaunce Philip Larsen 60 0 2 3
2 Alex Petrovic Brian Dumoulin 40 0 2 3
Last Minutes Offensive
Center Left Wing Right Wing Defense Defense
Lars Eller Danton Heinen David Pastrnak Brian Dumoulin Philip Larsen
Last Minutes Defensive
Center Left Wing Right Wing Defense Defense
Lars Eller Nick Spaling Jordan Szwarz Jack Glover Philip Larsen
Goaltenders
Starting : Kristers Gudlevskis
Backup : Joni Ortio
Extra Forwards
Normal : Nick Spaling, David Pastrnak, Jordan Szwarz - PP : Nick Spaling, Lars Eller - PK : Lars Eller
Extra Defensemen
Normal : Cameron Gaunce, Philip Larsen, Alex Petrovic - PP : Cameron Gaunce - PK : Philip Larsen, Jack Glover
Penalty Shots
Nick Spaling, Lars Eller, Jordan Szwarz, David Pastrnak, Danton Heinen
Scratches
Jamie Devane (Healthy), Matt Lindblad (Healthy), Tyler Lewington (Healthy), Tobias Lindberg (Healthy), Scott Glennie (Healthy)
Andrey Pedan (Healthy), Stuart Percy (Healthy), Anthony Camara (Healthy), Sergey Tolchinsky (Healthy), Branden Troock (Healthy)
Riley Nash (Healthy), Jakub Vrana (Bruised Left Foot Injury), Dominic Turgeon (Healthy), Ryan MacInnis (Healthy), Matt Tomkins (Healthy)
Monarchs
5 vs 5 Forward
Center Left Wing Right Wing Time % Phy DF OF
1 Nathan MacKinnon Tim Schaller Anthony Mantha 35 1 2 2
2 Sean Monahan JT Compher Tom Wilson 30 1 2 2
3 Curtis Lazar Brendan Lemieux Jimmy Hayes 25 1 2 2
4 Cedric Paquette Nicolas Deslauriers Martin Frk 10 1 2 2
5 vs 5 Defense
Defense Defense Time % Phy DF OF
1 Mark Pysyk Aaron Ekblad 35 1 3 1
2 Zach Trotman Morgan Rielly 30 0 3 2
3 Tony DeAngelo Griffin Reinhart 25 0 3 2
4 John Draeger Roman Josi 10 0 3 2
PowerPlay Forward
Center Left Wing Right Wing Time % Phy DF OF
1 Nathan MacKinnon Brendan Lemieux Anthony Mantha 60 1 0 4
2 Sean Monahan JT Compher Tom Wilson 40 1 0 4
PowerPlay Defense
Defense Defense Time % Phy DF OF
1 Aaron Ekblad Tony DeAngelo 60 0 3 2
2 Griffin Reinhart Morgan Rielly 40 0 3 2
Penalty Kill 4 Players Forward
Center Wing Time % Phy DF OF
1 Jimmy Hayes Nicolas Deslauriers 60 1 3 1
2 Anthony Mantha Tim Schaller 40 1 3 1
Penalty Kill 4 Players Defense
Defense Defense Time % Phy DF OF
1 John Draeger Mark Pysyk 60 1 4 0
2 Zach Trotman Aaron Ekblad 40 1 4 0
Penalty Kill - 3 Players Forward
Forward Time % Phy DF OF
1 Jimmy Hayes 60 1 3 1
2 Tim Schaller 40 1 3 1
Penalty Kill - 3 Players Defense
Defense Defense Time % Phy DF OF
1 John Draeger Mark Pysyk 60 1 4 0
2 Aaron Ekblad Zach Trotman 40 1 4 0
4 vs 4 Forward
Center Wing Time % Phy DF OF
1 Nathan MacKinnon Anthony Mantha 60 1 2 2
2 Sean Monahan JT Compher 40 1 2 2
4 vs 4 Defense
Defense Defense Time % Phy DF OF
1 Aaron Ekblad Mark Pysyk 60 1 2 2
2 Zach Trotman Griffin Reinhart 40 1 2 2
Last Minutes Offensive
Center Left Wing Right Wing Defense Defense
Nathan MacKinnon Sean Monahan Jimmy Hayes Aaron Ekblad Morgan Rielly
Last Minutes Defensive
Center Left Wing Right Wing Defense Defense
Sean Monahan Nicolas Deslauriers Jimmy Hayes Mark Pysyk Zach Trotman
Goaltenders
Starting : Jason Missiaen
Backup : Eric Comrie
Extra Forwards
Normal : Jimmy Hayes, Anthony Mantha, Nathan MacKinnon - PP : Jimmy Hayes, Tim Schaller - PK : Anthony Mantha
Extra Defensemen
Normal : Mark Pysyk, Aaron Ekblad, Morgan Rielly - PP : Zach Trotman - PK : Roman Josi, Griffin Reinhart
Penalty Shots
JT Compher, Anthony Mantha, Nathan MacKinnon, Jimmy Hayes, Morgan Rielly
Scratches
Michael Latta (Herniated Disc Injury), Mike Hoffman (Healthy), Joel Vermin (Healthy), Artturi Lehkonen (Healthy), Michael McCarron (Healthy)
Jeff Petry (Healthy), Anthony Peluso (Healthy), Gustav Forsling (Healthy), Chase De Leo (Healthy)
% Time on Ice - Diablos
Lines # - Real PCT - Wanted PCT - Time Play
Normal Forward
1 - 36% - 40% - 18:06
2 - 24% - 30% - 11:47
3 - 24% - 20% - 12:11
4 - 16% - 10% - 8:01
Normal Defense
1 - 42% - 40% - 21:01
2 - 31% - 30% - 15:17
3 - 22% - 20% - 11:13
4 - 5% - 10% - 2:34
PP Forward
1 - 54% - 60% - 2:09
2 - 46% - 40% - 1:49
PP Defense
1 - 55% - 60% - 2:10
2 - 45% - 40% - 1:48
PK Forward
1 - 74% - 60% - 4:25
2 - 26% - 40% - 1:32
PK Defense
1 - 80% - 60% - 4:47
2 - 20% - 40% - 1:10
PK3 Forward
1 - 0% - 60%
2 - 0% - 40%
PK3 Defense
1 - 0% - 60%
2 - 0% - 40%
44 Forward
1 - 0% - 60%
2 - 0% - 40%
44 Defense
1 - 0% - 60%
2 - 0% - 40%
Last Minute Offensive - 0:00
Last Minute Defensive - 0:00
Total
Forward - 60:00
Defense - 60:00
|
% Time on Ice - Monarchs
Lines # - Real PCT - Wanted PCT - Time Play
Normal Forward
1 - 32% - 35% - 16:09
2 - 27% - 30% - 13:20
3 - 26% - 25% - 13:06
4 - 15% - 10% - 7:30
Normal Defense
1 - 36% - 35% - 17:53
2 - 30% - 30% - 14:54
3 - 24% - 25% - 12:15
4 - 10% - 10% - 5:03
PP Forward
1 - 53% - 60% - 3:10
2 - 47% - 40% - 2:47
PP Defense
1 - 52% - 60% - 3:04
2 - 48% - 40% - 2:53
PK Forward
1 - 85% - 60% - 3:23
2 - 15% - 40% - 0:35
PK Defense
1 - 70% - 60% - 2:46
2 - 30% - 40% - 1:12
PK3 Forward
1 - 0% - 60%
2 - 0% - 40%
PK3 Defense
1 - 0% - 60%
2 - 0% - 40%
44 Forward
1 - 0% - 60%
2 - 0% - 40%
44 Defense
1 - 0% - 60%
2 - 0% - 40%
Last Minute Offensive - 0:00
Last Minute Defensive - 0:00
Total
Forward - 60:00
Defense - 60:00
|
Play-by-Play
1st period
0:01 of 1st period - Lars Eller wins face-off versus Nathan MacKinnon in neutral zone.
0:06 of 1st period - Wrist shot by Nathan MacKinnon.
0:06 of 1st period - Stopped by Kristers Gudlevskis without a rebound.
0:07 of 1st period - Lars Eller wins face-off versus Nathan MacKinnon in Diablos zone.
0:07 of 1st period - Lars Eller is hit by Tim Schaller.
0:26 of 1st period - Nick Spaling is hit by Nathan MacKinnon and loses puck.
0:53 of 1st period - Snap shot by Jordan Szwarz.
0:53 of 1st period - Stopped by Jason Missiaen with a rebound.
1:45 of 1st period - Snap shot by Nathan MacKinnon.
1:45 of 1st period - Shot Blocked by Philip Larsen.
2:08 of 1st period - Icing by Mark Pysyk.
2:09 of 1st period - Nathan MacKinnon wins face-off versus Peter Holland in Monarchs zone.
2:39 of 1st period - Wrist shot by Nathan MacKinnon.
2:39 of 1st period - Stopped by Kristers Gudlevskis with a rebound.
2:41 of 1st period - Slapshot by Aaron Ekblad.
2:41 of 1st period - Stopped by Kristers Gudlevskis without a rebound.
2:42 of 1st period - Adrian Kempe wins face-off versus JT Compher in Diablos zone.
2:51 of 1st period - Slapshot by Adrian Kempe.
2:51 of 1st period - Stopped by Jason Missiaen without a rebound.
2:52 of 1st period - Adrian Kempe wins face-off versus Sean Monahan in Monarchs zone.
3:09 of 1st period - Snap shot by Adrian Kempe.
3:09 of 1st period - Shot Misses the Net.
3:11 of 1st period - Wrist shot by Jiri Sekac.
3:11 of 1st period - Goal by Jiri Sekac - Diablos : 1 - Monarchs : 0.
3:12 of 1st period - Curtis Lazar wins face-off versus Peter Holland in neutral zone.
3:15 of 1st period - Slapshot by Griffin Reinhart.
3:15 of 1st period - Stopped by Kristers Gudlevskis with a rebound.
4:27 of 1st period - Snap shot by Tyler Pitlick.
4:27 of 1st period - Stopped by Jason Missiaen without a rebound.
4:28 of 1st period - Curtis Lazar wins face-off versus Danton Heinen in Monarchs zone.
4:28 of 1st period - Curtis Lazar is hit by Philip Larsen.
4:52 of 1st period - Wrist shot by Corey Trivino.
4:52 of 1st period - Shot Blocked by John Draeger.
4:54 of 1st period - Wrist shot by Charles Hudon.
4:54 of 1st period - Goal by Charles Hudon - Diablos : 2 - Monarchs : 0.
4:55 of 1st period - Curtis Lazar wins face-off versus Peter Holland in neutral zone.
5:05 of 1st period - Off-side.
5:06 of 1st period - Peter Holland wins face-off versus Sean Monahan in neutral zone.
5:19 of 1st period - Wrist shot by Sean Monahan.
5:19 of 1st period - Stopped by Kristers Gudlevskis without a rebound.
5:20 of 1st period - Curtis Lazar wins face-off versus Adrian Kempe in Diablos zone.
5:56 of 1st period - Sean Monahan is hit by Jordan Szwarz and loses puck.
6:30 of 1st period - Slapshot by Tom Wilson.
6:30 of 1st period - Shot Misses the Net.
6:50 of 1st period - Wrist shot by Jimmy Hayes.
6:50 of 1st period - Shot Blocked by Jiri Sekac.
7:10 of 1st period - Slapshot by Nick Spaling.
7:10 of 1st period - Shot Blocked by Griffin Reinhart.
7:12 of 1st period - Slapshot by Jack Glover.
7:12 of 1st period - Deflect By Griffin Reinhart.
7:12 of 1st period - Stopped by Jason Missiaen without a rebound.
7:13 of 1st period - Lars Eller wins face-off versus Cedric Paquette in Monarchs zone.
7:19 of 1st period - Morgan Rielly is hit by Alex Petrovic and loses puck.
7:22 of 1st period - Slapshot by Morgan Rielly.
7:22 of 1st period - Stopped by Kristers Gudlevskis with a rebound.
7:24 of 1st period - Slapshot by Zach Trotman.
7:24 of 1st period - Stopped by Kristers Gudlevskis without a rebound.
7:25 of 1st period - Curtis Lazar wins face-off versus Peter Holland in Diablos zone.
7:31 of 1st period - Minor Penalty to Peter Holland for Tripping.
7:32 of 1st period - Corey Trivino wins face-off versus Nathan MacKinnon in Diablos zone.
8:03 of 1st period - Wrist shot by Sean Monahan.
8:03 of 1st period - Shot Blocked by Jack Glover.
8:05 of 1st period - Wrist shot by JT Compher.
8:05 of 1st period - Deflect By Tom Wilson.
8:05 of 1st period - Shot Misses the Net.
8:05 of 1st period - Puck is out of play.
8:06 of 1st period - Lars Eller wins face-off versus Sean Monahan in Diablos zone.
8:31 of 1st period - Morgan Rielly is hit by Tyler Pitlick and loses puck.
9:31 of 1st period - Penalty to Peter Holland is over, Peter Holland is back on ice.
9:58 of 1st period - Curtis Lazar is hit by Jiri Sekac.
10:22 of 1st period - Wrist shot by David Pastrnak.
10:22 of 1st period - Stopped by Jason Missiaen with a rebound.
10:24 of 1st period - Wrist shot by Jordan Szwarz.
10:24 of 1st period - Shot Misses the Net.
11:05 of 1st period - Tyler Pitlick is hit by Cedric Paquette and loses puck.
11:34 of 1st period - Alex Petrovic is hit by Tom Wilson and loses puck.
11:39 of 1st period - Snap shot by Sean Monahan.
11:39 of 1st period - Shot Misses the Net.
12:03 of 1st period - Snap shot by Peter Holland.
12:03 of 1st period - Stopped by Jason Missiaen with a rebound.
12:05 of 1st period - Slapshot by Alex Petrovic.
12:05 of 1st period - Deflect By Lars Eller.
12:05 of 1st period - Stopped by Jason Missiaen with a rebound.
12:07 of 1st period - Slapshot by Alex Petrovic.
12:07 of 1st period - Stopped by Jason Missiaen with a rebound.
12:46 of 1st period - Snap shot by Nicolas Deslauriers.
12:46 of 1st period - Stopped by Kristers Gudlevskis without a rebound.
12:47 of 1st period - Corey Trivino wins face-off versus Nathan MacKinnon in Diablos zone.
12:49 of 1st period - Minor Penalty to Jack Glover for Holding.
12:50 of 1st period - Corey Trivino wins face-off versus Nathan MacKinnon in Diablos zone.
12:50 of 1st period - Corey Trivino is hit by Brendan Lemieux.
14:49 of 1st period - Penalty to Jack Glover is over, Jack Glover is back on ice.
14:57 of 1st period - Griffin Reinhart is hit by Peter Holland and loses puck.
15:09 of 1st period - Icing by John Draeger.
15:10 of 1st period - Cedric Paquette wins face-off versus Adrian Kempe in Monarchs zone.
16:00 of 1st period - Wrist shot by Nathan MacKinnon.
16:00 of 1st period - Stopped by Kristers Gudlevskis without a rebound.
16:01 of 1st period - Sean Monahan wins face-off versus Lars Eller in Diablos zone.
16:26 of 1st period - Philip Larsen is hit by Tim Schaller.
16:34 of 1st period - Snap shot by David Pastrnak.
16:34 of 1st period - Stopped by Jason Missiaen without a rebound.
16:35 of 1st period - Nathan MacKinnon wins face-off versus Lars Eller in Monarchs zone.
16:42 of 1st period - Snap shot by Nathan MacKinnon.
16:42 of 1st period - Shot Misses the Net.
16:44 of 1st period - Snap shot by Morgan Rielly.
16:44 of 1st period - Shot Blocked by Lars Eller.
16:46 of 1st period - Snap shot by Tim Schaller.
16:46 of 1st period - Shot Misses the Net.
16:48 of 1st period - Slapshot by Zach Trotman.
16:48 of 1st period - Shot Misses the Net.
16:50 of 1st period - Snap shot by Anthony Mantha.
16:50 of 1st period - Stopped by Kristers Gudlevskis without a rebound.
16:51 of 1st period - Sean Monahan wins face-off versus Peter Holland in Diablos zone.
17:28 of 1st period - Wrist shot by Nathan MacKinnon.
17:28 of 1st period - Stopped by Kristers Gudlevskis with a rebound.
17:44 of 1st period - Cameron Gaunce is hit by Zach Trotman and loses puck.
17:53 of 1st period - Snap shot by Jiri Sekac.
17:53 of 1st period - Stopped by Jason Missiaen with a rebound.
17:55 of 1st period - Snap shot by Jiri Sekac.
17:55 of 1st period - Shot Blocked by Zach Trotman.
18:05 of 1st period - Alex Petrovic is hit by Zach Trotman and loses puck.
18:25 of 1st period - Off-side.
18:26 of 1st period - Tim Schaller wins face-off versus Peter Holland in neutral zone.
18:33 of 1st period - Snap shot by Tim Schaller.
18:33 of 1st period - Shot Blocked by Jack Glover.
18:33 of 1st period - Jack Glover from Diablos is injured at 18:33 of 1st period (Bruised Left Arm).
18:34 of 1st period - Lars Eller wins face-off versus Nathan MacKinnon in Diablos zone.
18:43 of 1st period - Snap shot by Jordan Szwarz.
18:43 of 1st period - Shot Blocked by Aaron Ekblad.
18:50 of 1st period - Icing by Aaron Ekblad.
18:51 of 1st period - Nathan MacKinnon wins face-off versus Peter Holland in Monarchs zone.
19:02 of 1st period - Snap shot by Tim Schaller.
19:02 of 1st period - Shot Blocked by Cameron Gaunce.
19:04 of 1st period - Wrist shot by Mark Pysyk.
19:04 of 1st period - Stopped by Kristers Gudlevskis without a rebound.
19:05 of 1st period - Lars Eller wins face-off versus Sean Monahan in Diablos zone.
Goals for this period are 2 for Diablos vs 0 for Monarchs .
Shots for this period are 12 for Diablos vs 12 for Monarchs .
2nd period
0:01 of 2nd period - Nathan MacKinnon wins face-off versus Lars Eller in neutral zone.
0:14 of 2nd period - Slapshot by Jordan Szwarz.
0:14 of 2nd period - Stopped by Jason Missiaen with a rebound.
0:26 of 2nd period - Jimmy Hayes is hit by Brian Dumoulin and loses puck.
1:06 of 2nd period - Snap shot by Brendan Lemieux.
1:06 of 2nd period - Stopped by Kristers Gudlevskis without a rebound.
1:07 of 2nd period - Nathan MacKinnon wins face-off versus Adrian Kempe in Diablos zone.
1:20 of 2nd period - Jiri Sekac is hit by Nathan MacKinnon and loses puck.
1:35 of 2nd period - Snap shot by Sean Monahan.
1:35 of 2nd period - Stopped by Kristers Gudlevskis with a rebound.
1:39 of 2nd period - Snap shot by Sean Monahan.
1:39 of 2nd period - Monarchs goal is going for a video replay.
1:39 of 2nd period - The goal is refused. The referee deems the play has been stopped, even if he had not physically had the opportunity to stop play by blowing his whistle..
1:40 of 2nd period - Sean Monahan wins face-off versus Jordan Szwarz in Diablos zone.
1:45 of 2nd period - Snap shot by Sean Monahan.
1:45 of 2nd period - Shot Misses the Net.
1:47 of 2nd period - Slapshot by Griffin Reinhart.
1:47 of 2nd period - Stopped by Kristers Gudlevskis without a rebound.
1:48 of 2nd period - Sean Monahan wins face-off versus Lars Eller in Diablos zone.
1:59 of 2nd period - Snap shot by Tom Wilson.
1:59 of 2nd period - Stopped by Kristers Gudlevskis with a rebound.
2:01 of 2nd period - Snap shot by Sean Monahan.
2:01 of 2nd period - Stopped by Kristers Gudlevskis with a rebound.
2:13 of 2nd period - Slapshot by David Pastrnak.
2:13 of 2nd period - Shot Misses the Net.
2:41 of 2nd period - Wrist shot by Adrian Kempe.
2:41 of 2nd period - Stopped by Jason Missiaen with a rebound.
2:43 of 2nd period - Slapshot by Alex Petrovic.
2:43 of 2nd period - Shot Blocked by Aaron Ekblad.
2:51 of 2nd period - Minor Penalty to Mark Pysyk for Tripping.
2:52 of 2nd period - Jimmy Hayes wins face-off versus Lars Eller in Monarchs zone.
3:08 of 2nd period - Off-side.
3:09 of 2nd period - Jimmy Hayes wins face-off versus Jordan Szwarz in neutral zone.
4:29 of 2nd period - Nick Spaling is hit by Cedric Paquette and loses puck.
4:51 of 2nd period - Penalty to Mark Pysyk is over, Mark Pysyk is back on ice.
5:04 of 2nd period - Slapshot by Anthony Mantha.
5:04 of 2nd period - Shot Misses the Net.
5:10 of 2nd period - Morgan Rielly is hit by Jiri Sekac.
6:19 of 2nd period - Nathan MacKinnon is hit by Lars Eller and loses puck.
6:36 of 2nd period - David Pastrnak is hit by Curtis Lazar and loses puck.
8:07 of 2nd period - Jimmy Hayes is hit by Jordan Szwarz.
8:48 of 2nd period - Nicolas Deslauriers is hit by Ty Rattie and loses puck.
9:19 of 2nd period - Minor Penalty to Curtis Lazar for Hooking.
9:20 of 2nd period - Lars Eller wins face-off versus Jimmy Hayes in Monarchs zone.
10:40 of 2nd period - Icing by Peter Holland.
10:41 of 2nd period - Peter Holland wins face-off versus Cedric Paquette in Diablos zone.
11:19 of 2nd period - Penalty to Curtis Lazar is over, Curtis Lazar is back on ice.
11:34 of 2nd period - Brian Dumoulin is hit by Nathan MacKinnon and loses puck.
13:18 of 2nd period - Zach Trotman is hit by Peter Holland and loses puck.
13:44 of 2nd period - Snap shot by Ty Rattie.
13:44 of 2nd period - Goal by Ty Rattie - Diablos : 3 - Monarchs : 0.
13:45 of 2nd period - Nathan MacKinnon wins face-off versus Lars Eller in neutral zone.
13:56 of 2nd period - Snap shot by Lars Eller.
13:56 of 2nd period - Shot Misses the Net.
13:58 of 2nd period - Slapshot by Brian Dumoulin.
13:58 of 2nd period - Deflect By Lars Eller.
13:58 of 2nd period - Goal by Lars Eller - Diablos : 4 - Monarchs : 0.
13:58 of 2nd period - Eric Comrie enters game.
13:59 of 2nd period - Lars Eller wins face-off versus Nathan MacKinnon in neutral zone.
14:10 of 2nd period - Snap shot by Lars Eller.
14:10 of 2nd period - Shot Misses the Net.
14:12 of 2nd period - Slapshot by Cameron Gaunce.
14:12 of 2nd period - Shot Blocked by Aaron Ekblad.
14:14 of 2nd period - Slapshot by Jordan Szwarz.
14:14 of 2nd period - Stopped by Eric Comrie with a rebound.
14:43 of 2nd period - Snap shot by Nathan MacKinnon.
14:43 of 2nd period - Stopped by Kristers Gudlevskis without a rebound.
14:44 of 2nd period - Lars Eller wins face-off versus Sean Monahan in Diablos zone.
14:44 of 2nd period - Lars Eller is hit by Griffin Reinhart.
15:06 of 2nd period - Icing by Griffin Reinhart.
15:07 of 2nd period - Peter Holland wins face-off versus Sean Monahan in Monarchs zone.
15:36 of 2nd period - Wrist shot by Tim Schaller.
15:36 of 2nd period - Shot Misses the Net.
15:57 of 2nd period - Backhand shot by Aaron Ekblad.
15:57 of 2nd period - Shot Blocked by Alex Petrovic.
16:21 of 2nd period - Snap shot by Corey Trivino.
16:21 of 2nd period - Shot Misses the Net.
16:37 of 2nd period - Alex Petrovic is hit by Brendan Lemieux and loses puck.
17:06 of 2nd period - Wrist shot by Nick Spaling.
17:06 of 2nd period - Shot Misses the Net.
17:08 of 2nd period - Slapshot by Brian Dumoulin.
17:08 of 2nd period - Stopped by Eric Comrie without a rebound.
17:09 of 2nd period - Peter Holland wins face-off versus Sean Monahan in Monarchs zone.
17:22 of 2nd period - Danton Heinen is hit by Morgan Rielly and loses puck.
17:35 of 2nd period - Philip Larsen is hit by Curtis Lazar and loses puck.
17:45 of 2nd period - Off-side.
17:46 of 2nd period - Peter Holland wins face-off versus Nathan MacKinnon in neutral zone.
17:49 of 2nd period - Slapshot by Cameron Gaunce.
17:49 of 2nd period - Stopped by Eric Comrie with a rebound.
17:51 of 2nd period - Wrist shot by Peter Holland.
17:51 of 2nd period - Goal by Peter Holland - Diablos : 5 - Monarchs : 0.
17:52 of 2nd period - Nathan MacKinnon wins face-off versus Lars Eller in neutral zone.
18:07 of 2nd period - Cameron Gaunce is hit by Aaron Ekblad and loses puck.
18:18 of 2nd period - Aaron Ekblad is hit by Danton Heinen and loses puck.
18:43 of 2nd period - Wrist shot by Corey Trivino.
18:43 of 2nd period - Stopped by Eric Comrie with a rebound.
18:45 of 2nd period - Slapshot by Andrei Mironov.
18:45 of 2nd period - Stopped by Eric Comrie without a rebound.
18:46 of 2nd period - Nathan MacKinnon wins face-off versus Corey Trivino in Monarchs zone.
18:59 of 2nd period - Slapshot by Cameron Gaunce.
18:59 of 2nd period - Stopped by Eric Comrie with a rebound.
19:11 of 2nd period - Slapshot by Cameron Gaunce.
19:11 of 2nd period - Shot Misses the Net.
19:13 of 2nd period - Snap shot by Lars Eller.
19:13 of 2nd period - Shot Misses the Net.
19:15 of 2nd period - Wrist shot by Nick Spaling.
19:15 of 2nd period - Shot Blocked by Zach Trotman.
19:17 of 2nd period - Snap shot by Lars Eller.
19:17 of 2nd period - Stopped by Eric Comrie without a rebound.
19:18 of 2nd period - Sean Monahan wins face-off versus Lars Eller in Monarchs zone.
19:18 of 2nd period - Sean Monahan is hit by Lars Eller.
19:28 of 2nd period - Snap shot by Sean Monahan.
19:28 of 2nd period - Shot Blocked by Nick Spaling.
19:30 of 2nd period - Snap shot by Tom Wilson.
19:30 of 2nd period - Goal by Tom Wilson - Diablos : 5 - Monarchs : 1.
19:31 of 2nd period - Lars Eller wins face-off versus Nathan MacKinnon in neutral zone.
19:38 of 2nd period - Snap shot by Nick Spaling.
19:38 of 2nd period - Goal by Nick Spaling - Diablos : 6 - Monarchs : 1.
19:39 of 2nd period - Nathan MacKinnon wins face-off versus Lars Eller in neutral zone.
19:42 of 2nd period - Lars Eller is hit by Nathan MacKinnon and loses puck.
Goals for this period are 4 for Diablos vs 1 for Monarchs .
Shots for this period are 13 for Diablos vs 8 for Monarchs .
3rd period
0:01 of 3rd period - Lars Eller wins face-off versus Curtis Lazar in neutral zone.
0:09 of 3rd period - Snap shot by Nick Spaling.
0:09 of 3rd period - Stopped by Eric Comrie without a rebound.
0:10 of 3rd period - Curtis Lazar wins face-off versus Lars Eller in Monarchs zone.
0:21 of 3rd period - Snap shot by Jimmy Hayes.
0:21 of 3rd period - Shot Misses the Net.
0:49 of 3rd period - Snap shot by Nick Spaling.
0:49 of 3rd period - Stopped by Eric Comrie without a rebound.
0:50 of 3rd period - Nathan MacKinnon wins face-off versus Peter Holland in Monarchs zone.
1:05 of 3rd period - Slapshot by Brian Dumoulin.
1:05 of 3rd period - Shot Blocked by Griffin Reinhart.
1:57 of 3rd period - Cameron Gaunce is hit by Zach Trotman and loses puck.
2:02 of 3rd period - Wrist shot by Jimmy Hayes.
2:02 of 3rd period - Stopped by Kristers Gudlevskis without a rebound.
2:03 of 3rd period - Nathan MacKinnon wins face-off versus Peter Holland in Diablos zone.
2:41 of 3rd period - Sean Monahan is hit by Jordan Szwarz and loses puck.
3:04 of 3rd period - Backhand shot by Andrei Mironov.
3:04 of 3rd period - Shot Blocked by Aaron Ekblad.
3:06 of 3rd period - Wrist shot by Adrian Kempe.
3:06 of 3rd period - Goal by Adrian Kempe - Diablos : 7 - Monarchs : 1.
3:07 of 3rd period - Tim Schaller wins face-off versus Peter Holland in neutral zone.
3:18 of 3rd period - Snap shot by Nathan MacKinnon.
3:18 of 3rd period - Deflect By Philip Larsen.
3:18 of 3rd period - Shot Blocked by Peter Holland.
3:18 of 3rd period - Puck is out of play.
3:19 of 3rd period - Nathan MacKinnon wins face-off versus Lars Eller in Diablos zone.
4:05 of 3rd period - Jiri Sekac is hit by Jimmy Hayes and loses puck.
4:26 of 3rd period - Backhand shot by Brian Dumoulin.
4:26 of 3rd period - Stopped by Eric Comrie without a rebound.
4:27 of 3rd period - Lars Eller wins face-off versus Cedric Paquette in Monarchs zone.
4:32 of 3rd period - Wrist shot by Lars Eller.
4:32 of 3rd period - Shot Misses the Net.
4:49 of 3rd period - Icing by Martin Frk.
4:50 of 3rd period - Cedric Paquette wins face-off versus Peter Holland in Monarchs zone.
4:50 of 3rd period - Cedric Paquette is hit by Alex Petrovic.
4:58 of 3rd period - David Pastrnak is hit by Tim Schaller and loses puck.
5:17 of 3rd period - Sean Monahan is hit by Alex Petrovic and loses puck.
5:50 of 3rd period - Tyler Pitlick is hit by Brendan Lemieux and loses puck.
6:01 of 3rd period - Martin Frk is hit by Corey Trivino and loses puck.
6:31 of 3rd period - Snap shot by Nathan MacKinnon.
6:31 of 3rd period - Shot Misses the Net.
6:33 of 3rd period - Snap shot by Anthony Mantha.
6:33 of 3rd period - Shot Hit the Post.
6:35 of 3rd period - Wrist shot by Anthony Mantha.
6:35 of 3rd period - Goal by Anthony Mantha - Diablos : 7 - Monarchs : 2.
6:36 of 3rd period - Nathan MacKinnon wins face-off versus Lars Eller in neutral zone.
6:36 of 3rd period - Mark Pysyk is hit by Nick Spaling and loses puck.
6:45 of 3rd period - Wrist shot by Tim Schaller.
6:45 of 3rd period - Shot Misses the Net.
6:47 of 3rd period - Slapshot by Tim Schaller.
6:47 of 3rd period - Stopped by Kristers Gudlevskis with a rebound.
6:51 of 3rd period - Snap shot by Nathan MacKinnon.
6:51 of 3rd period - Goal by Nathan MacKinnon - Diablos : 7 - Monarchs : 3.
6:52 of 3rd period - Lars Eller wins face-off versus JT Compher in neutral zone.
6:54 of 3rd period - Minor Penalty to Jordan Szwarz for Holding.
6:55 of 3rd period - Nathan MacKinnon wins face-off versus Corey Trivino in Diablos zone.
6:57 of 3rd period - Wrist shot by Nathan MacKinnon.
6:57 of 3rd period - Stopped by Kristers Gudlevskis without a rebound.
6:58 of 3rd period - Nathan MacKinnon wins face-off versus Corey Trivino in Diablos zone.
7:29 of 3rd period - Slapshot by Sean Monahan.
7:29 of 3rd period - Shot Misses the Net.
8:09 of 3rd period - Alex Petrovic is hit by Morgan Rielly and loses puck.
8:54 of 3rd period - Penalty to Jordan Szwarz is over, Jordan Szwarz is back on ice.
9:06 of 3rd period - Roman Josi is hit by Andrei Mironov and loses puck.
10:08 of 3rd period - Slapshot by Mark Pysyk.
10:08 of 3rd period - Shot Blocked by Cameron Gaunce.
10:31 of 3rd period - Off-side.
10:32 of 3rd period - Nick Spaling wins face-off versus Curtis Lazar in neutral zone.
10:35 of 3rd period - Tony DeAngelo is hit by Cameron Gaunce and loses puck.
10:59 of 3rd period - Zach Trotman is hit by Adrian Kempe and loses puck.
11:27 of 3rd period - Snap shot by Sean Monahan.
11:27 of 3rd period - Shot Misses the Net.
11:29 of 3rd period - Slapshot by Tony DeAngelo.
11:29 of 3rd period - Stopped by Kristers Gudlevskis without a rebound.
11:30 of 3rd period - Sean Monahan wins face-off versus Lars Eller in Diablos zone.
11:39 of 3rd period - Snap shot by Tom Wilson.
11:39 of 3rd period - Goal by Tom Wilson - Diablos : 7 - Monarchs : 4.
11:40 of 3rd period - Nathan MacKinnon wins face-off versus Lars Eller in neutral zone.
11:45 of 3rd period - Snap shot by Nathan MacKinnon.
11:45 of 3rd period - Shot Misses the Net.
12:59 of 3rd period - Cedric Paquette is hit by Nick Spaling and loses puck.
13:00 of 3rd period - Cedric Paquette from Monarchs is injured at 13:00 of 3rd period (Sore Left Knee).
13:01 of 3rd period - Anthony Mantha wins face-off versus Lars Eller in Monarchs zone.
13:28 of 3rd period - Cameron Gaunce is hit by Tom Wilson and loses puck.
14:40 of 3rd period - Charles Hudon is hit by Tom Wilson and loses puck.
15:03 of 3rd period - Anthony Mantha is hit by Peter Holland and loses puck.
15:16 of 3rd period - Slapshot by Mark Pysyk.
15:16 of 3rd period - Stopped by Kristers Gudlevskis without a rebound.
15:17 of 3rd period - Adrian Kempe wins face-off versus Brendan Lemieux in Diablos zone.
15:17 of 3rd period - Adrian Kempe is hit by Brendan Lemieux.
15:37 of 3rd period - Zach Trotman is hit by Jiri Sekac and loses puck.
15:44 of 3rd period - Curtis Lazar is hit by Jiri Sekac and loses puck.
17:01 of 3rd period - Jiri Sekac is hit by Mark Pysyk and loses puck.
17:08 of 3rd period - Wrist shot by Adrian Kempe.
17:08 of 3rd period - Stopped by Eric Comrie without a rebound.
17:09 of 3rd period - Lars Eller wins face-off versus Nathan MacKinnon in Monarchs zone.
17:12 of 3rd period - Slapshot by Lars Eller.
17:12 of 3rd period - Stopped by Eric Comrie without a rebound.
17:13 of 3rd period - Nathan MacKinnon wins face-off versus Lars Eller in Monarchs zone.
17:26 of 3rd period - Slapshot by Nathan MacKinnon.
17:26 of 3rd period - Stopped by Kristers Gudlevskis with a rebound.
17:28 of 3rd period - Wrist shot by Anthony Mantha.
17:28 of 3rd period - Shot Misses the Net.
17:38 of 3rd period - Tom Wilson is hit by Brian Dumoulin and loses puck.
17:47 of 3rd period - Wrist shot by David Pastrnak.
17:47 of 3rd period - Shot Blocked by Morgan Rielly.
18:28 of 3rd period - Snap shot by Tom Wilson.
18:28 of 3rd period - Deflect By JT Compher.
18:28 of 3rd period - Goal by JT Compher - Diablos : 7 - Monarchs : 5.
18:29 of 3rd period - Lars Eller wins face-off versus Nathan MacKinnon in neutral zone.
18:36 of 3rd period - Snap shot by Nick Spaling.
18:36 of 3rd period - Stopped by Eric Comrie with a rebound.
18:38 of 3rd period - Snap shot by Nick Spaling.
18:38 of 3rd period - Shot Blocked by Mark Pysyk.
18:40 of 3rd period - Wrist shot by Nick Spaling.
18:40 of 3rd period - Deflect By Jordan Szwarz.
18:40 of 3rd period - Shot Misses the Net.
18:40 of 3rd period - Puck is out of play.
18:41 of 3rd period - Nathan MacKinnon wins face-off versus Lars Eller in Monarchs zone.
18:50 of 3rd period - Snap shot by Tim Schaller.
18:50 of 3rd period - Deflect By Lars Eller.
18:50 of 3rd period - Shot Blocked by Jordan Szwarz.
18:50 of 3rd period - Puck is out of play.
18:51 of 3rd period - Nathan MacKinnon wins face-off versus Lars Eller in Diablos zone.
18:52 of 3rd period - Snap shot by Tim Schaller.
18:52 of 3rd period - Stopped by Kristers Gudlevskis without a rebound.
18:53 of 3rd period - Curtis Lazar wins face-off versus Lars Eller in Diablos zone.
18:54 of 3rd period - Snap shot by Jimmy Hayes.
18:54 of 3rd period - Stopped by Kristers Gudlevskis with a rebound.
Goals for this period are 1 for Diablos vs 4 for Monarchs .
Shots for this period are 7 for Diablos vs 12 for Monarchs .
Back to the Top